 Dungeon Crawl Stone Soup version 0.25-a0-942-g87a53962fc (webtiles) character file.

Game seed: 13473165133380745771, levelgen mode: deterministic

11050 Flugslaktarn the Cleaver (level 11, -2/101 HPs)
             Began as a Minotaur Fighter on May 7, 2020.
             Was an Initiate of Gozag.
             Slain by a wolf spider (9 damage)
             ... in a Gauntlet.
             The game lasted 00:06:36 (11959 turns).

Flugslaktarn the Cleaver (Minotaur Fighter)        Turns: 11959, Time: 00:06:36

Health: -2/101     AC:  2    Str: 24    XL:     11   Next: 44%
Magic:  19/19      EV:  6    Int:  5    God:    Gozag
Gold:   2308       SH: 12    Dex:  7    Spells: 10/10 levels left

rFire    . . .     SeeInvis .   D - +5 hand axe
rCold    . . .     Gourm    .   c - +0 kite shield
rNeg     . . .     Faith    .   H - +0 plate armour
rPois    +         Spirit   .   (helmet restricted)
rElec    .         Reflect  .   (no cloak)
rCorr    .         Harm     .   (no gloves)
MR       .....     NoTele   +   m - +2 pair of boots
Stlth    ..........             (no amulet)
HPRegen  0.26/turn              n - ring of magical power
MPRegen  0.16/turn              C - ring "Hosao" {+Inv rPois Dex-3}

@: corroded, very slightly contaminated, invisible (expiring)
A: retaliatory headbutt, horns 2
a: Potion Petition, Call Merchant, Bribe Branch, Renounce Religion


You were in a Gauntlet.
You worshipped Gozag.
Gozag was most pleased with you.
You were not hungry.

You visited 2 branches of the dungeon, and saw 12 of its levels.
You also visited: Gauntlet.

You collected 2349 gold pieces.
You paid 41 gold pieces to Gozag.

Inventory:

Hand Weapons
 a - a +0 war axe
 D - a +5 hand axe (weapon)
   (You took it off an orc priest on level 3 of the Dungeon)
Missiles
 J - 3 throwing nets (quivered)
Armour
 c - a +0 kite shield (worn)
 l - a +0 chain mail
   (You found it on level 1 of the Dungeon)
 m - a +2 pair of boots (worn)
   (You found it on level 3 of the Dungeon)
 F - a +2 chain mail of cold resistance
   (You found it on level 7 of the Dungeon)
 H - a +0 plate armour (worn)
   (You found it on level 9 of the Dungeon)
Jewellery
 b - an uncursed ring of resist corrosion
   (You found it on level 4 of the Dungeon)
 n - a ring of magical power (left hand)
   (You found it on level 2 of the Dungeon)
 o - a cursed ring of attention {unknown}
   (You found it in a Gauntlet)
 C - the ring "Hosao" (right hand) {+Inv rPois Dex-3}
   (You found it on level 5 of the Dungeon)

   [ring of dexterity]

   It affects your dexterity (-3).
   It protects you from poison.
   It lets you turn invisible.
 G - a cursed ring of attention {unknown}
   (You found it on level 8 of the Dungeon)
Wands
 f - a wand of iceblast (9)
   (You found it on level 8 of the Dungeon)
 v - a wand of digging (3)
   (You found it on level 6 of the Dungeon)
 B - a wand of enslavement (10)
   (You found it on level 5 of the Dungeon)
 K - a wand of acid (4)
   (You found it on level 9 of the Dungeon)
 L - a wand of scattershot (4)
   (You found it on level 10 of the Dungeon)
Scrolls
 g - a scroll of enchant weapon
 t - 4 scrolls of teleportation
 x - 4 scrolls of remove curse
 z - 2 scrolls of blinking
 M - a scroll of enchant armour
Potions
 d - 2 potions of might
 h - 3 potions of stabbing
 i - 2 potions of brilliance
 j - 4 potions of lignification
 k - 2 potions of mutation
 p - a potion of cancellation {unknown}
 q - 2 potions of curing
 s - 2 potions of invisibility {unknown}
 u - 3 potions of flight
 w - 3 potions of heal wounds
 A - a potion of berserk rage {unknown}
 E - 3 potions of degeneration
Comestibles
 e - 13 rations


   Skills:
 + Level 10.4 Fighting
 * Level 13.5 Axes
 + Level 10.4 Armour
 + Level 10.4 Shields


You had 10 spell levels left.
You didn't know any spells.
Your spell library was empty.

Dungeon Overview and Level Annotations

Branches:
Dungeon (11/15)            Temple (1/1) D:4            Lair (0/6) D:11
    Orc (0/2) D:10        Gauntlet (1/1)

Altars:
Cheibriados
Dithmenos
Fedhas
Gozag
Hepliaklqana
Kikubaaqudgha
Makhleb
Sif Muna
Wu Jian
Xom
Yredelemnul
Zin
The Shining One

Shops:
D:7 (

Portals:
Abyss: D:10

Annotations:
D:9 exclusion: orange crystal statue
D:10 2 transporters, Plog's ghost, journeyman OpAs Gauntlet 7 transporters


Innate Abilities, Weirdness & Mutations

You reflexively headbutt those who attack you in melee.
You have a pair of horns on your head.


Message History

The jumping spider is moderately wounded.
You hit the entropy weaver but do no damage.
The entropy weaver hits you!
The entropy weaver hits you but does no damage.
You block the entropy weaver's attack. The entropy weaver closely misses you.
You block the jumping spider's attack. The jumping spider bites you.
Your plate armour prevents you from hitting the jumping spider.
The jumping spider is moderately wounded.
You hit the entropy weaver but do no damage.
The entropy weaver hits you! x2
The entropy weaver hits you but does no damage.
The entropy weaver hits you!
You hit the wolf spider but do no damage.
You closely miss the entropy weaver. The entropy weaver hits you!
* * * LOW HITPOINT WARNING * * *
You block the entropy weaver's attack. x2; The entropy weaver hits you!
* * * LOW HITPOINT WARNING * * *
The wolf spider hits you!
You die...
Your body crumbles into a pile of gold.

#......#
#######.©..©.#########
#≈#≈#≈########≈#≈#≈#§###
......................≈#
..........∩...........##
#########..#########..≈#
...©!#./#..#.[#©#..#..##
...Z#...#..#=!#.#..#..≈#
....#...#..###''@ss#..##
##.#....#..#....#a.#..≈#
Z.###.Z.#..#.##.#..#..##
..©#.##Z#..#.##.#..#..≈#
..#...Z##..#...©#..#..##
..#.....#..#########..≈#
.#...ZZZ#.....#©#.....##
#########.....#©#.....≈#
..#©#......#########..##


You could see an entropy weaver, a wolf spider and a jumping spider.

Vanquished Creatures
  Harold (D:9)
  An unseen horror (D:10)
  An ugly thing (D:6)
  A rust devil (Gauntlet)
  A gargoyle (D:10)
  2 centaur skeletons
  A troll (D:10)
  Grinder (D:5)
  A hippogriff (D:8)
  A ynoxinul (Gauntlet)
  A redback (Gauntlet)
  2 fire bats (Gauntlet)
  2 hungry ghosts
  Grum (D:9)
  2 water moccasins
  3 ice beasts
  3 orc warriors
  A necrophage (D:10)
  4 phantoms
  3 sky beasts
  8 ogres
  9 centaurs
  3 wolves (D:9)
  A crocodile (D:7)
  7 bullfrogs
  2 scorpions
  5 killer bees (D:11)
  13 wights
  3 howler monkeys
  5 jellies
  2 crimson imps
  3 lava snakes (D:9)
  A quasit (D:5)
  A bullfrog zombie (D:6)
  2 bullfrog skeletons
  8 hounds
  12 orc wizards
  6 orc priests
  4 iron imps (Gauntlet)
  6 iguanas
  10 worker ants
  A howler monkey zombie (D:6)
  A howler monkey skeleton (D:4)
  2 gnolls
  12 adders
  2 shadow imps (D:5)
  2 oozes
  An adder zombie (D:8)
  An adder skeleton (D:8)
  2 worms (D:2)
  2 dart slugs (D:3)
  5 leopard geckos
  59 orcs
  5 ball pythons
  3 giant cockroaches
  3 goblins
  5 hobgoblins
  19 jackals
  2 quokkas
  5 bats
  6 frilled lizards
  3 kobolds
  A leopard gecko skeleton (D:4)
  2 quokka skeletons
  7 rats
295 creatures vanquished.

Vanquished Creatures (others)
  A plant (D:11)
1 creature vanquished.

Grand Total: 296 creatures vanquished

Notes
Turn   | Place    | Note
-------+----------+-------------------------------------------
     0 | D:1      | Flugslaktarn the Minotaur Fighter began the quest for the
                  | Orb.
     0 | D:1      | Reached XP level 1. HP: 19/19 MP: 0/0
   185 | D:1      | Reached skill level 3 in Axes
   185 | D:1      | Reached XP level 2. HP: 20/27 MP: 1/1
   387 | D:1      | Found a glowing golden altar of the Shining One.
   842 | D:2      | Reached XP level 3. HP: 33/33 MP: 2/2
  1193 | D:2      | Reached XP level 4. HP: 40/40 MP: 3/3
  1520 | D:2      | Reached skill level 4 in Axes
  1979 | D:3      | Reached XP level 5. HP: 47/47 MP: 4/4
  2097 | D:3      | Found a snail-covered altar of Cheibriados.
  2097 | D:3      | Found a blossoming altar of Fedhas.
  2743 | D:4      | Noticed an ogre
  2752 | D:4      | Killed an ogre
  2752 | D:4      | Reached skill level 5 in Axes
  2752 | D:4      | Reached XP level 6. HP: 38/55 MP: 5/5
  2850 | D:4      | Found a staircase to the Ecumenical Temple.
  2867 | Temple   | Entered the Ecumenical Temple
  2960 | Temple   | Became a worshipper of Gozag Ym Sagoz the Greedy
  3048 | D:4      | Reached skill level 5 in Fighting
  3048 | D:4      | Reached skill level 5 in Armour
  3048 | D:4      | Reached skill level 5 in Shields
  3321 | D:4      | Reached skill level 6 in Axes
  3321 | D:4      | Reached XP level 7. HP: 36/61 MP: 6/6
  4078 | D:5      | Entered Level 5 of the Dungeon
  4108 | D:5      | Reached skill level 7 in Axes
  4262 | D:5      | Noticed Grinder
  4277 | D:5      | Killed Grinder
  4277 | D:5      | Reached XP level 8. HP: 63/70 MP: 7/7
  4681 | D:5      | Got a crude jade ring
  4687 | D:5      | Identified the cursed ring "Hosao" {+Inv rPois Dex-3} (You
                  | found it on level 5 of the Dungeon)
  4691 | D:5      | Reached skill level 8 in Axes
  4868 | D:5      | Found a burning altar of Makhleb.
  5454 | D:6      | Reached skill level 9 in Axes
  5580 | D:6      | Noticed a white ugly thing
  5609 | D:6      | Killed a white ugly thing
  5609 | D:6      | Reached XP level 9. HP: 17/79 MP: 8/8
  6035 | D:6      | Reached skill level 10 in Axes
  6688 | D:7      | Found a basalt altar of Yredelemnul.
  7086 | D:7      | Found Bowkoawn's Weapon Shop.
  7292 | D:7      | Reached skill level 11 in Axes
  7376 | D:8      | Found a hazy altar of Hepliaklqana.
  7391 | D:8      | Reached XP level 10. HP: 90/90 MP: 9/9
  8653 | D:9      | Noticed an orange crystal statue
  9028 | D:9      | Noticed Harold
  9057 | D:9      | Killed Harold
  9057 | D:9      | Reached skill level 12 in Axes
  9622 | D:9      | Noticed Grum
  9638 | D:9      | Killed Grum
  9965 | D:10     | Entered Level 10 of the Dungeon
 10038 | D:10     | Killed an unseen horror
 10322 | D:10     | Reached XP level 11. HP: 79/99 MP: 10/10
 10630 | D:10     | Found a transporter.
 10646 | D:10     | Noticed a large abomination
 10659 | D:10     | Found a transporter.
 10765 | D:10     | Found a one-way gate to the infinite horrors of the Abyss.
 10773 | D:10     | Reached skill level 10 in Armour
 10773 | D:10     | Reached skill level 10 in Shields
 10789 | D:10     | Noticed Plog's ghost (journeyman OpAs)
 10801 | D:10     | Reached skill level 10 in Fighting
 10875 | D:10     | Found a staircase to the Orcish Mines.
 10925 | D:10     | Reached skill level 13 in Axes
 11398 | D:11     | Found a staircase to the Lair.
 11558 | D:11     | Found a gate leading to a gauntlet.
 11574 | Gauntlet | Entered a Gauntlet
 11574 | Gauntlet | Found a transporter.
 11574 | Gauntlet | Found a transporter.
 11574 | Gauntlet | Found a transporter.
 11580 | Gauntlet | Found a transporter.
 11582 | Gauntlet | Found a transporter.
 11584 | Gauntlet | Found a transporter.
 11586 | Gauntlet | Noticed a fire crab
 11593 | Gauntlet | Found a transporter.
 11593 | Gauntlet | Found a transporter.
 11595 | Gauntlet | Found a transporter.
 11599 | Gauntlet | Noticed an entropy weaver
 11601 | Gauntlet | Found a runed translucent gate.
 11601 | Gauntlet | Noticed a wolf spider
 11603 | Gauntlet | Found a transporter.
 11604 | Gauntlet | Found a runed translucent gate.
 11604 | Gauntlet | Found a transporter.
 11605 | Gauntlet | Found a runed translucent gate.
 11692 | Gauntlet | Found a transporter.
 11704 | Gauntlet | Noticed a death drake
 11959 | Gauntlet | Slain by a wolf spider

Levels and vault maps discovered:
D:1:      psy_arrival_basics, layout_basic, tso_metal_star
D:2:      layout_basic, chequers_arboretum
D:3:      layout_basic, gammafunk_temple_overflow_elements
D:4:      layout_basic, minmay_temple_entry_offerings, serial_bayou,
          serial_bayou_lake_a, serial_bayou_pond_a, serial_bayou_pond_b,
          serial_bayou_pond_c
D:5:      layout_basic, first_ration, minmay_misc_feat_diagonals,
          makhleb_heckhound_becter, uniq_grinder
D:6:      layout_loops_ring, minmay_manual_monstrance
D:7:      layout_basic, kennysheep_mini, serial_shops, shop_coins,
          minmay_statues_item
D:8:      layout_cave_pods, lemuel_crystal_altar
D:9:      layout_loops_ring, disabler_island, uniq_grum, uniq_harold
D:10:     layout_loops_ring, hiddenorc2_lemuel, gammafunk_ghost_abyssal_escape,
          grunt_ministairs_4
D:11:     layout_roguey, david_lair_shrubbed, nicolae_trove_entry_diagonal,
          gauntlet_entry_generic, david_nohive_1
Temple:   dpeg_five_rooms_temple
Gauntlet: minmay_gauntlet_mixed_big_or_small [nicolae_gauntlet_arena_blocks,
          minmay_gauntlet_arena_77_fan, gammafunk_gauntlet_arena_spirals,
          minmay_gauntlet_arena_77_tiled_triplets, nicolae_gauntlet_swirl,
          minmay_gauntlet_arena_77_run_for_it, gauntlet_exit_green]

Skill      XL: |  1  2  3  4  5  6  7  8  9 10 11 |
---------------+----------------------------------+-----
Axes           | 3 4 5 6 7 9 11 12 13 | 13.5
Fighting       | 4 5 6 7 8 9 10 | 10.4
Armour         | 4 5 6 7 8 9 10 | 10.4
Shields        | 4 5 6 7 8 9 10 | 10.4

Action                   |  1- 3 |  4- 6 |  7- 9 | 10-12 || total
-------------------------+-------+-------+-------+-------++-------
Melee: War axe           |    68 |    45 |       |       ||   113
       Headbutt          |     7 |    11 |    67 |    87 ||   172
       Hand axe          |       |    57 |   333 |   498 ||   888
Invok: Potion Petition   |       |       |     1 |       ||     1
 Abil: Evoke Invisibilit |       |       |       |     1 ||     1
Evoke: Wand              |       |       |       |     5 ||     5
  Use: Potion            |       |       |     1 |     3 ||     4
       Scroll            |       |       |    10 |     7 ||    17
 Stab: Distracted        |       |       |     1 |     1 ||     2
       Invisible         |       |       |       |     2 ||     2
  Eat: Chunk             |     1 |     4 |       |       ||     5
       Ration            |       |     1 |     4 |     5 ||    10
Armor: Scale mail        |     6 |       |       |       ||     6
       Chain mail        |    31 |    61 |    99 |    45 ||   236
       Plate armour      |       |       |       |   131 ||   131
Dodge: Dodged            |    14 |    14 |    53 |    82 ||   163
Block: Kite shield       |    57 |    53 |   118 |   219 ||   447

Table legend:
 A = Non-vault XP
 B = Vault XP
 C = Vault XP percentage of total XP
 D = Non-vault monster count
 E = Vault monster count
 F = Vault count percentage of total count
                 A         B        C        D         E       F
            +---------+---------+-------+---------+---------+-------
      Total |   10775 |    5012 |  31.7 |     233 |      62 |  21.0
            +---------+---------+-------+---------+---------+-------
        D:1 |      27 |       0 |   0.0 |      10 |       0 |   0.0
        D:2 |      91 |       0 |   0.0 |      26 |       0 |   0.0
        D:3 |     183 |       0 |   0.0 |      24 |       0 |   0.0
        D:4 |     579 |     197 |  25.4 |      20 |       3 |  13.0
        D:5 |     488 |     312 |  39.0 |      17 |       2 |  10.5
        D:6 |     843 |    1049 |  55.4 |      23 |       8 |  25.8
        D:7 |    1683 |       0 |   0.0 |      28 |       0 |   0.0
        D:8 |    1594 |       0 |   0.0 |      24 |       0 |   0.0
        D:9 |    1237 |    1692 |  57.8 |      28 |       8 |  22.2
       D:10 |    3067 |     283 |   8.4 |      25 |      32 |  56.1
       D:11 |     983 |       0 |   0.0 |       8 |       0 |   0.0
   Gauntlet |       0 |    1479 | 100.0 |       0 |       9 | 100.0
            +---------+---------+-------+---------+---------+-------
